cohdb
Replays
Latest Replays
All Replays
Popular Replays
Top Player Replays
Match Explorer
How It Works
Community
CoH3 Stats
Reddit
Sign in to upload your games and track your stats! →
Sign in with Steam
Match 41303889
Unlisted
Match 41303889
Overview
Messages
Build Orders
End
Selects Luftwaffe Battlegroup
Selects Luftwaffe Pioneer Support
Fallschirmpioneer Squad Paradrop
Construct Infanterie Kompanie
MG 42 Machine Gun Team
Fallschirmpioneer Squad Paradrop
MG 42 Machine Gun Team
Medical Station
Selects Reconnaissance Run
Construct Luftwaffe Kompanie
Selects Fallschirmjäger Squad Paradrop
Fallschirmjäger Squad Paradrop
Construct Panzer Kompanie
Panzer IV Medium Tank
Selects Stuka Loiter
Side Skirts
MG 42 Machine Gun Team
Pioneer Squad
Panzer IV Medium Tank
bogdan
midmaster543210
Hevsik
Nuts
WЇЌĭήğ§* ★assasin
ProxyFox
Personal Iroha Cushion
EisregenKubus0
0
0
Comments
sign in to comment!
No comments posted yet!